 Dungeon Crawl Stone Soup version 0.29-a0-393-g47a863cc1b (webtiles) character file.

Game seed: 17001777591407757632

1689 Sweetruy1997 the Magician (level 9, -7/65 HPs)
             Began as a Formicid Fighter on May 5, 2022.
             Was a Follower of Okawaru.
             Mangled by Maggie
             ... wielding a +0 glaive
              (8 damage)
             ... on level 6 of the Dungeon on May 9, 2022.
             The game lasted 00:21:40 (9442 turns).

Sweetruy1997 the Magician (Formicid Fighter)        Turns: 9442, Time: 00:21:41

Health: -7/65      AC: 12    Str: 21    XL:     9   Next: 22%
Magic:  17/17      EV: 11    Int: 12    God:    Okawaru [*.....]
Gold:   122        SH:  4    Dex: 10    Spells: 9/19 levels left

rFire   + . .      SeeInvis +   w - +0 club (spect)
rCold   . . .      Faith    .   c - +0 buckler
rNeg    . . .      Spirit   .   F - +3 ring mail {rF+}
rPois   .          Reflect  .   (helmet unavailable)
rElec   .          Harm     .   a - +0 cloak
rCorr   .          Rampage  .   x - +0 pair of gloves
Will    .....                   f - +0 pair of boots
Stlth   +.........              (no amulet)
HPRegen 0.20/turn               (no ring)
MPRegen 0.15/turn               (no ring)

@: mesmerised
A: permanent stasis, dig shafts and tunnels, antennae 3, four strong arms
a: Dig, Shaft Self, Renounce Religion, Heroism


You were on level 6 of the Dungeon.
You worshipped Okawaru.
Okawaru was aware of your devotion.
You visited 2 branches of the dungeon, and saw 7 of its levels.

You collected 242 gold pieces.
You spent 120 gold pieces at shops.

Inventory:

Hand Weapons
 w - a +0 spectral club (weapon)
Missiles
 l - 148 stones
 q - 4 boomerangs
Armour
 a - a +0 cloak (worn)
 c - a +0 buckler (worn)
 f - a +0 pair of boots (worn)
 x - a +0 pair of gloves (worn)
 F - a +3 ring mail of fire resistance (worn)
Magical Staves
 d - a staff of poison
Wands
 p - a wand of iceblast (10)
 r - a wand of digging (2)
Scrolls
 b - a scroll of magic mapping {unknown}
 e - 3 scrolls of fog {unknown}
 g - 2 scrolls of teleportation {unknown}
 i - a scroll of amnesia {unknown}
 k - 3 scrolls of identify {unknown}
 n - a scroll of summoning {unknown}
 o - 3 scrolls of vulnerability {unknown}
 y - 3 scrolls of torment {unknown}
 D - a scroll of poison
Potions
 h - 6 potions of curing
 j - 3 potions of brilliance {unknown}
 m - a potion of attraction {unknown}
 s - a potion of invisibility {unknown}
 t - a potion of lignification {unknown}
 u - a potion of resistance {unknown}
 v - a potion of degeneration {unknown}
 z - a potion of magic {unknown}
 A - a potion of haste {unknown}
 B - a potion of ambrosia {unknown}
 C - a potion of flight


   Skills:
 - Level 4.0 Fighting
 - Level 2.6 Axes
 + Level 0.4(2.8) Maces & Flails
 + Level 3.4(3.5) Staves
 + Level 0.2 Throwing
 - Level 5.0 Armour
 - Level 2.0 Dodging
 + Level 1.6 Stealth
 - Level 4.0 Shields
 + Level 5.7 Spellcasting
 + Level 3.1 Transmutations
 + Level 3.7 Ice Magic
 + Level 0.8 Earth Magic
 + Level 4.6 Poison Magic
 + Level 1.4 Evocations


You had 9 spell levels left.
You knew the following spells:

 Your Spells              Type           Power      Damage    Failure   Level
a - Freeze                Ice            48%        1d7       8%          1
b - Sandblast             Erth           10%        2d5       26%         1
c - Sting                 Tmut/Pois      48%        1d5       8%          1
d - Frozen Ramparts       Ice            24%        1d4       22%         3
e - Poisonous Vapours     Pois/Air       18%        N/A       21%         2
f - Passwall              Tmut/Erth      6%         N/A       24%         2

Your spell library contained the following spells:

 Spells                   Type           Power      Damage    Failure   Level
 Olgreb's Toxic Radiance  Pois           14%        N/A       47%         4
 Stone Arrow              Conj/Erth      8%         3d7       67%         3
 Dazzling Flash           Conj/Hex       6%         N/A       71%         3
 Lesser Beckoning         Tloc           3%         N/A       71%         3
 Hailstorm                Conj/Ice       7%         3d4       86%         4
 Agony                    Necr           3%         N/A       100%        5
 Manifold Assault         Tloc           3%         N/A       100%        5
 Silence                  Hex/Air        1%         N/A       100%        5
 Blink                    Tloc           Unusable   N/A       N/A         2

Dungeon Overview and Level Annotations

Branches:
Dungeon (6/15)             Temple (1/1) D:5

Altars:
Ashenzari
Cheibriados
Dithmenos
Gozag
Hepliaklqana
Kikubaaqudgha
Makhleb
Okawaru
Qazlal
Ru
Sif Muna
Trog
Uskayaw
Vehumet
Wu Jian
Xom
Zin
The Shining One

Shops:
D:4 [   D:5 *

Annotations:
D:5 2 transporters, Drazool's ghost, novice DjCj
D:6 Maggie


Innate Abilities, Weirdness & Mutations

You cannot be hasted, slowed, berserked, paralysed or teleported.
You can dig through walls and to a lower floor.
You have a pair of large antennae on your head. (SInv)
Your four strong arms can wield two-handed weapons with a shield.


Message History

The howler monkey hits you but does no damage.
You hit the howler monkey.
The howler monkey is almost dead.
Maggie barely misses you. The howler monkey barely misses you.
You barely miss the howler monkey.
The howler monkey is almost dead.
You block the howler monkey's attack.
Maggie hits you from afar with a +0 glaive.
The howler monkey hits you but does no damage.
Maggie hits you but does no damage.
You closely miss the howler monkey.
The howler monkey is almost dead.
You block the howler monkey's attack.
Maggie says, "Leave now, and tell all of Margery's mercy!"
Maggie casts a spell.
Maggie draws you further into her thrall.
You closely miss the howler monkey.
The howler monkey is almost dead.
The howler monkey hoots and howls with incredible vigour!
Maggie barely misses you.
You hit the howler monkey but do no damage.
The howler monkey is almost dead.
The howler monkey hits you but does no damage.
Maggie hits you from afar with a +0 glaive!
The howler monkey hits you.
You hit the howler monkey.
You kill the howler monkey!
Okawaru accepts your kill.
Maggie hits you from afar with a +0 glaive!
* * * LOW HITPOINT WARNING * * *
You feel much better. Maggie hits you but does no damage.
The ogre hits you with a +0 giant club!
You hit the ogre but do no damage. Maggie barely misses you.
The ogre hits you with a +0 giant club!!
* * * LOW HITPOINT WARNING * * *
You hit the ogre.
The ogre is lightly wounded.
Maggie closely misses you. The ogre barely misses you.
Maggie hits you from afar with a +0 glaive!
You die...

# .## .. .. ###.
#.@ #O# #@#
#####.##### +#
#.........# .#
#.###.###.# ## #.#
#.# #.# #.# ##.###
#.###.##.# ##.....
#.......###......#
#####.##.#.##...#
#.#.........##


You could see Maggie (mesmerising) and an ogre.

Vanquished Creatures
  A wyvern (D:6)
  Edmund (D:6)
  A black bear (D:5)
  An ogre (D:3)
  3 phantoms
  2 necrophages
  2 scorpions
  5 killer bees (D:6)
  A howler monkey (D:6)
  A jelly (D:6)
  4 hounds
  Crazy Yiuf (D:3)
  Ijyb (D:3)
  An iguana (D:5)
  Natasha (thrice) (D:2)
  4 gnolls (D:5)
  5 adders
  5 white imps
  2 worms
  6 dart slugs
  2 orcs
  7 endoplasms
  5 giant cockroaches
  6 hobgoblins
  6 jackals (D:4)
  3 quokkas
  8 ball pythons
  7 bats
  6 frilled lizards
  5 goblins
  8 kobolds
  7 rats
120 creatures vanquished.

Notes
Turn   | Place    | Note
-------+----------+-------------------------------------------
     0 | D:1      | Sweetruy1997 the Formicid Fighter began the quest for the
                  | Orb.
     0 | D:1      | Reached XP level 1. HP: 18/18 MP: 1/1
   177 | D:1      | Reached XP level 2. HP: 22/24 MP: 2/2
   430 | D:1      | Learned a level 1 spell: Freeze
   732 | D:1      | Reached XP level 3. HP: 23/29 MP: 0/3
  1387 | D:2      | Reached skill level 1 in Ice Magic
  1639 | D:2      | Noticed Natasha
  1647 | D:2      | Killed Natasha
  1648 | D:2      | Reached XP level 4. HP: 29/37 MP: 0/4
  1930 | D:2      | Reached skill level 1 in Dodging
  2296 | D:2      | Reached XP level 5. HP: 42/42 MP: 0/6
  2421 | D:2      | Reached skill level 1 in Spellcasting
  2668 | D:2      | Noticed Natasha
  2682 | D:2      | Killed Natasha
  3121 | D:2      | Noticed Natasha
  3131 | D:2      | Killed Natasha
  3801 | D:3      | Noticed Ijyb
  3831 | D:3      | Killed Ijyb
  3832 | D:3      | Reached XP level 6. HP: 25/48 MP: 1/8
  4199 | D:3      | Found a runed translucent door.
  4200 | D:3      | Noticed Crazy Yiuf
  4208 | D:3      | Killed Crazy Yiuf
  4451 | D:3      | Noticed an ogre
  4455 | D:3      | Killed an ogre
  5012 | D:4      | Found Aleifunao's Armour Emporium.
  5020 | D:4      | Bought a +0 pair of gloves for 49 gold pieces
  5199 | D:4      | Reached XP level 7. HP: 51/53 MP: 0/11
  5201 | D:4      | Learned a level 1 spell: Sandblast
  5860 | D:4      | Found an iron altar of Okawaru.
  5921 | D:4      | Learned a level 1 spell: Sting
  6459 | D:5      | Entered Level 5 of the Dungeon
  6862 | D:5      | Found a staircase to the Ecumenical Temple.
  6879 | D:5      | Reached skill level 5 in Armour
  7034 | D:5      | Reached skill level 1 in Poison Magic
  7034 | D:5      | Reached XP level 8. HP: 46/60 MP: 11/13
  7048 | D:5      | Reached skill level 1 in Staves
  7048 | D:5      | Reached skill level 1 in Transmutations
  7052 | D:5      | Learned a level 3 spell: Frozen Ramparts
  7328 | Temple   | Entered the Ecumenical Temple
  7782 | D:4      | Became a worshipper of Warmaster Okawaru
  8146 | D:5      | Found Acorum's General Store.
  8156 | D:5      | Reached skill level 1 in Stealth
  8182 | D:5      | Bought a potion of flight for 33 gold pieces
  8182 | D:5      | Bought a scroll of poison for 38 gold pieces
  8324 | D:5      | Noticed Drazool's ghost (novice DjCj)
  8325 | D:5      | Found a transporter.
  8350 | D:5      | Found a transporter.
  8524 | D:6      | Learned a level 2 spell: Poisonous Vapours
  8527 | D:6      | Learned a level 2 spell: Passwall
  8528 | D:6      | Noticed a wyvern
  8548 | D:6      | Killed a wyvern
  8567 | D:6      | Reached skill level 5 in Spellcasting
  8921 | D:6      | Reached * piety under Okawaru
  8922 | D:6      | Reached XP level 9. HP: 20/65 MP: 8/16
  9242 | D:6      | Found a hazy altar of Hepliaklqana.
  9278 | D:6      | Upgraded the game from 0.29-a0-380-gf50f0a9fbc to
                  | 0.29-a0-393-g47a863cc1b
  9281 | D:6      | Noticed Edmund
  9293 | D:6      | Reached skill level 1 in Evocations
  9298 | D:6      | Killed Edmund
  9427 | D:6      | Noticed Maggie
  9441 | D:6      | HP: 1/65 [ogre/+0 giant club (25)]
  9442 | D:6      | Mangled by Maggie

Illustrated notes

Levels and vault maps discovered:
D:1:      grunt_arrival_crossed_arrows, layout_basic
D:2:      layout_loops_ring, minmay_diced_spiral, uniq_natasha
D:3:      layout_loops_ring, uniq_ijyb, uniq_crazy_yiuf_cottage
D:4:      layout_cave_pods, okawaru_metal_pillars_1_2, serial_shops,
          nicolae_shop_hallway_plus, serial_co_window_serial, co_window_paths_a,
          co_window_of_opportunity_a, co_window_paths_a, co_window_paths_b,
          co_window_paths_b, co_window_paths_b, co_window_corner_a,
          co_window_of_opportunity_a, co_window_paths_b, co_window_corner_cb,
          co_window_corner_b, co_window_corner_b, co_window_paths_e,
          co_window_sun, minmay_misc_feat_alley
D:5:      layout_basic, minmay_temple_entry_statues_pillars,
          gammafunk_ghost_smash, serial_shops, nicolae_diamond_shop
D:6:      layout_loops_corners, nicolae_hepliaklqana_hippocampus, serial_shops,
          shop, uniq_maggie, uniq_edmund, uniq_blork_the_orc
Temple:   eino_temple_rhombus

Skill      XL: |  1  2  3  4  5  6  7  8  9 |
---------------+----------------------------+-----
Shields        | 4 |  4.0
Ice Magic      | 1 2 3 |  3.7
Dodging        | 1 2 |  2.0
Spellcasting   | 1 3 5 |  5.7
Armour         | 4 5 |  5.0
Fighting       | 4 |  4.0
Poison Magic   | 1 4 |  4.6
Staves         | 2 3 |  3.4
Transmutations | 2 3 |  3.1
Stealth        | 1 |  1.6
Evocations     | 1 |  1.4
Axes           | |  2.6
Maces & Flails | |  0.4
Throwing       | |  0.2
Earth Magic    | |  0.8

Action                   |  1- 3 |  4- 6 |  7- 9 || total
-------------------------+-------+-------+-------++-------
Melee: War axe           |    96 |    83 |       ||   179
       Club              |       |    14 |    42 ||    56
       Staff             |       |       |   229 ||   229
Throw: Boomerang         |       |       |     1 ||     1
 Cast: Freeze            |    11 |    81 |    15 ||   107
       Sting             |       |       |    42 ||    42
       Sandblast         |       |       |     4 ||     4
       Frozen Ramparts   |       |       |     3 ||     3
       Poisonous Vapours |       |       |     1 ||     1
Evoke: Wand              |       |     3 |     2 ||     5
  Use: Potion            |       |     1 |     4 ||     5
       Scroll            |       |       |     1 ||     1
Armor: Scale mail        |    58 |    94 |   141 ||   293
       Ring mail         |       |       |    18 ||    18
Dodge: Dodged            |    57 |   118 |   162 ||   337
Block: Buckler           |    29 |    52 |    69 ||   150

Table legend: (Time is in decaauts)
 A = Elapsed time spent in this place.
 B = Non-inter-level travel time spent in this place.
 C = Inter-level travel time spent in this place.
 D = Time resting spent in this place.
 E = Time spent auto-exploring this place.
 F = Levels seen in this place.
 G = Mean time per level.
                   A        B        C        D        E       F      G
               +--------+--------+--------+--------+--------+-----+--------+
         Total |   9565 |   9323 |    242 |   1034 |   6713 |   7 | 1366.4 |
       Dungeon |   9190 |   8965 |    225 |   1034 |   6549 |   6 | 1531.7 |
        Temple |    374 |    357 |     17 |      0 |    164 |   1 |  374.0 |
               +--------+--------+--------+--------+--------+-----+--------+

Top non-repeatable levels by time:
     D:2: 2122 daAuts
     D:4: 1708 daAuts
     D:5: 1586 daAuts
     D:1: 1403 daAuts
     D:3: 1373 daAuts
     D:6: 996 daAuts
  Temple: 374 daAuts
